 Dungeon Crawl Stone Soup version 0.28.0-45-g0d030f2227 (webtiles) character file.

Game seed: 6130895690254962805

2295 issech the Basher (level 9, -1/78 HPs)
             Began as a Troll Monk on Apr 14, 2022.
             Was a Priest of Hepliaklqana.
             Killed from afar by an orc wizard (8 damage)
             ... with a puff of flame
             ... on level 7 of the Dungeon.
             The game lasted 00:21:11 (5317 turns).

issech the Basher (Troll Monk)                      Turns: 5317, Time: 00:21:12

Health: -1/78      AC:  8    Str: 27    XL:     9   Next: 17%
Magic:  2/2        EV: 11    Int:  6    God:    Hepliaklqana [***...]
Gold:   217        SH:  0    Dex: 16    Spells: 8/8 levels left

rFire   . . .      SeeInvis .   Q - +7 trident "Xeze" {antimagic, rPois rCorr}
rCold   . . .      Faith    .   (no shield)
rNeg    . . .      Spirit   .   b - +0 robe
rPois   +          Reflect  .   (helmet restricted)
rElec   .          Harm     .   (no cloak)
rCorr   +          Rampage  .   (gloves unavailable)
Will    .....                   (boots unavailable)
Stlth   ++........              (no amulet)
HPRegen 1.03/turn               f - +4 ring of protection
MPRegen 0.08/turn               o - +6 ring of strength

@: no status effects
A: reduced essence, large, unfitting armour, claws 3, regeneration 1, shaggy fur
1, tough skin 1
a: Renounce Religion, Recall Ancestor, Ancestor Identity, Transference


You were on level 7 of the Dungeon.
You worshipped Hepliaklqana.
Hepliaklqana was most pleased with you.
You visited 2 branches of the dungeon, and saw 8 of its levels.
You also visited: Ossuary.

You collected 269 gold pieces.
You spent 52 gold pieces at shops.

Inventory:

Hand Weapons
 a - a +0 mace
 k - a +0 hand axe of venom
 l - a +0 flail
 t - a +0 giant club
 F - a +2 dagger of draining
 G - a +1 dagger of holy wrath
 H - a +0 giant spiked club
 Q - the +7 trident "Xeze" (weapon) {antimagic, rPois rCorr}
   (You found it on level 6 of the Dungeon)

   It reduces the magical energy of the wielder, and disrupts the spells and
   magical abilities of those it strikes.
   Natural abilities and divine invocations are not affected.
   rPois:     It protects you from poison.
   rCorr:     It protects you from acid and corrosion.
Missiles
 e - 52 sling bullets
 g - 90 stones
 j - 4 boomerangs (quivered)
 q - 8 poisoned darts
 x - 66 arrows
 C - 49 bolts
Armour
 b - a +0 robe (worn)
Magical Staves
 y - a staff of poison
 P - a staff of earth
Jewellery
 f - a +4 ring of protection (left claw)
 o - a +6 ring of strength (right claw)
 z - a ring of resist corrosion
 D - a ring of positive energy
 N - a ring of poison resistance
Scrolls
 h - 3 scrolls of enchant weapon
 i - 2 scrolls of blinking
 r - a scroll of vulnerability
 s - a scroll of noise
 A - a scroll of amnesia
 E - a scroll of immolation
 K - a scroll of enchant armour
 L - 3 scrolls of teleportation
 M - a scroll of fog {unknown}
 R - 3 scrolls of identify
Potions
 c - 5 potions of lignification {unknown}
 d - 7 potions of curing {unknown}
 n - a potion of brilliance {unknown}
 p - a potion of flight {unknown}
 u - a potion of degeneration {unknown}
 v - a potion of attraction {unknown}
 w - 2 potions of heal wounds {unknown}
 B - 3 potions of invisibility {unknown}
 I - a potion of haste {unknown}
 J - a potion of magic {unknown}
 O - 2 potions of might {unknown}


   Skills:
 + Level 4.9 Fighting
 + Level 8.9 Maces & Flails
 + Level 0.2 Polearms
 + Level 0.3 Throwing
 + Level 4.5 Dodging
 + Level 2.6 Stealth


You had 8 spell levels left.
You didn't know any spells.
Your spell library contained the following spells:

 Spells                   Type           Power      Damage    Failure   Level
 Corpse Rot               Necr/Air       0%         N/A       58%         2
 Ensorcelled Hibernation  Hex/Ice        0%         N/A       58%         2
 Portal Projectile        Hex/Tloc       0%         N/A       83%         3
 Spider Form              Tmut/Pois      0%         N/A       83%         3
 Anguish                  Hex/Necr       0%         N/A       99%         4
 Dispel Undead            Necr           0%         3d6       99%         4
 Blade Hands              Tmut           0%         N/A       100%        5
 Excruciating Wounds      Necr           0%         N/A       100%        5
 Death Channel            Necr           0%         N/A       100%        6


Dungeon Overview and Level Annotations

Branches:
Dungeon (7/15)             Temple (1/1) D:5         Ossuary (visited)

Altars:
Ashenzari
Dithmenos
Elyvilon
Fedhas
Gozag
Hepliaklqana
Kikubaaqudgha
Makhleb
Nemelex Xobeh
Qazlal
Ru
Sif Muna
Trog
Uskayaw
Vehumet
Wu Jian
Xom

Shops:
D:4 ?   D:6 [

Annotations:
D:1 Sigmund


Innate Abilities, Weirdness & Mutations

Your life essence is reduced to manifest your ancestor. (-10% HP)
You are too large for most types of armour.
You have claws for hands.
Your natural rate of healing is unusually fast.
You are covered in fur. (AC +1)
You have tough skin. (AC +1)


Message History

* * * LOW HITPOINT WARNING * * *
An orc wizard comes into view. It is wielding a +1 dagger of speed.
The orc wizard casts a spell at you.
You are confused.
An orc wizard comes into view. It is wielding a +0 dagger.
Found a stone staircase leading up.
You're too confused to move!
The orc wizard shouts!
You hear a shout!
An orc priest comes into view. It is wielding a +0 flail.
The orc wizard casts a spell.
The orc wizard flickers and vanishes!
Deactivating autopickup; reactivate with Ctrl-A.
The orc priest shouts!
You hit something. The orc closely misses you. The orc misses you.
You bump into the rock wall.
An orc priest comes into view. It is wielding a +0 mace.
Something hits you.
* * * LOW HITPOINT WARNING * * *
You feel less confused.
The orc priest looks braver for a moment.
You hear some strange, mumbled words.
A magic dart appears from out of thin air!
The magic dart hits you but does no damage.
The orc wizard points at you and mumbles some strange words.
You easily resist.
A magic dart appears from out of thin air!
The magic dart hits you.
* * * LOW HITPOINT WARNING * * *
The four-headed hydra bites you but does no damage.
The four-headed hydra bites you!
* * * LOW HITPOINT WARNING * * *
The four-headed hydra bites you!
* * * LOW HITPOINT WARNING * * *
The four-headed hydra closely misses you.
Unknown command.
The orc priest calls upon Beogh to heal something.
A two-headed ogre comes into view.
It is wielding a +0 giant spiked club and a +0 giant club.
The orc wizard gestures at you while chanting.
The puff of flame hits you!
You die...

*#.#.#.# #. *#.#*#..# #.
##.#* ##.## #. ####.## ##.#
#. #.....## ##.## *.
#.####.###.## *, #.# ##.#.##
*, ####* #.### ##.## *,
*#...###..@## #.#******* *,
**,,#..#..#..###..,,,,,,* *,
#*,,,*#...##.D.#####****,***,
#.,,,*##.###....# *,,,,,,,,,,
#.#**,*#.##.###o# *,****,***,
#..#**,#.#O###.o# *,* *,* *,
#..)####Z####c.o# *,* *,* *,
**,#Z....8.o.o...#**,** *,*
*,
#...o####o####.....oo.#**,*
*,


You could see a four-headed hydra, an orc wizard and an orc.

Vanquished Creatures
  An ice beast (D:6)
  3 ogres
  A phantom (D:5)
  A scorpion (D:4)
  A wyvern zombie (Ossuary)
  3 water moccasin zombies (Ossuary)
  A jelly (D:6)
  A hound (D:4)
  2 orc priests (D:3)
  Natasha (thrice) (D:2)
  An orc wizard (D:5)
  A killer bee zombie (Ossuary)
  10 mummies (Ossuary)
  2 howler monkey zombies (Ossuary)
  2 howler monkey skeletons
  3 adders
  4 worms
  2 dart slugs
  14 orcs
  9 ball pythons
  4 bats
  11 endoplasms
  4 giant cockroaches
  10 goblins
  9 hobgoblins
  3 jackals (D:2)
  4 kobolds
  3 quokkas
  4 frilled lizards
  5 rats
122 creatures vanquished.

Vanquished Creatures (collateral kills)
  A water moccasin (D:6)
  A black bear (D:6)
  An ice beast (D:7)
  2 wyvern zombies (Ossuary)
  3 water moccasin zombies (Ossuary)
  A howler monkey (D:6)
  A centaur zombie (Ossuary)
  A bullfrog zombie (Ossuary)
  A hound (D:7)
  3 orc priests
  A centaur skeleton (D:6)
  3 orc wizards (D:5)
  3 killer bee zombies (Ossuary)
  A howler monkey zombie (Ossuary)
  4 mummies (Ossuary)
  4 worms
  3 orcs (D:5)
34 creatures vanquished.

Vanquished Creatures (others)
  A battlemage (D:7)
  A plant (D:1)
  3 withered plants (Ossuary)
5 creatures vanquished.

Grand Total: 161 creatures vanquished

Notes
Turn   | Place    | Note
-------+----------+-------------------------------------------
     0 | D:1      | issech the Troll Monk began the quest for the Orb.
     0 | D:1      | Reached XP level 1. HP: 22/22 MP: 0/0
    98 | D:1      | Reached XP level 2. HP: 29/29 MP: 1/1
   894 | D:2      | Noticed Sigmund
   908 | D:1      | Reached skill level 3 in Maces & Flails
  1059 | D:2      | Reached XP level 3. HP: 31/36 MP: 2/2
  1082 | D:2      | Found a sparkling altar of Nemelex Xobeh.
  1235 | D:2      | Noticed Natasha
  1250 | D:2      | Killed Natasha
  1251 | D:2      | Reached XP level 4. HP: 31/45 MP: 3/3
  1530 | D:2      | Noticed Natasha
  1540 | D:2      | Killed Natasha
  1542 | D:2      | Noticed Natasha
  1555 | D:2      | Killed Natasha
  1925 | D:3      | Found a faded altar of an unknown god.
  1931 | D:3      | Reached XP level 5. HP: 53/53 MP: 4/4
  1935 | D:3      | Reached skill level 4 in Maces & Flails
  2384 | D:3      | Found a shimmering blue altar of Sif Muna.
  2738 | D:4      | Noticed an ogre
  2779 | D:3      | Killed an ogre
  2780 | D:3      | Reached XP level 6. HP: 61/61 MP: 5/5
  2948 | D:4      | Reached skill level 5 in Maces & Flails
  3069 | D:4      | Reached XP level 7. HP: 50/67 MP: 6/6
  3353 | D:4      | Found Bezu Zak's Magic Scroll Shop.
  3363 | D:4      | Bought a scroll of identify for 26 gold pieces
  3363 | D:4      | Bought a scroll of identify for 26 gold pieces
  3384 | D:5      | Entered Level 5 of the Dungeon
  3464 | D:5      | Found a staircase to the Ecumenical Temple.
  3496 | Temple   | Entered the Ecumenical Temple
  3604 | Temple   | Became a worshipper of Hepliaklqana the Forgotten
  3604 | Temple   | Reached * piety under Hepliaklqana
  3604 | Temple   | Reached ** piety under Hepliaklqana
  3605 | Temple   | Remembered your ancestor Ingiyab as a battlemage
  3949 | D:5      | Reached skill level 6 in Maces & Flails
  4202 | D:6      | Found a sand-covered staircase.
  4218 | D:6      | Reached XP level 8. HP: 70/70 MP: 7/7
  4223 | Ossuary  | Entered an ossuary
  4244 | Ossuary  | Reached skill level 7 in Maces & Flails
  4359 | Ossuary  | Reached skill level 8 in Maces & Flails
  4651 | D:6      | Found Ujoirph's Antique Armour Boutique.
  4659 | D:6      | Reached XP level 9. HP: 75/76 MP: 8/8
  4725 | D:6      | Identified the +7 trident "Xeze" {antimagic, rPois rCorr}
  5048 | D:6      | Found a hide-covered altar of Uskayaw.
  5083 | D:6      | Reached *** piety under Hepliaklqana
  5295 | D:7      | Noticed a four-headed hydra
  5312 | D:7      | HP: 2/78 [four-headed hydra (11)]
  5315 | D:7      | Noticed a two-headed ogre
  5317 | D:7      | Killed from afar by an orc wizard

Illustrated notes

Levels and vault maps discovered:
D:1:      lemuel_arrival_muddy, layout_basic
D:2:      layout_basic, basic_altar, uniq_sigmund, uniq_natasha
D:3:      layout_loops_ring, shapermc_ecumenical_altar_pompeii,
          minmay_misc_feat_encased, kennysheep_flooded_box
D:4:      layout_rooms, serial_shops, shop, minmay_fractal_squares_5
D:5:      layout_basic, temple_pool_b, nicolae_wormholes
D:6:      layout_rooms, nicolae_uskayaw_suspiria,
          nicolae_ossuary_entry_false_entrances, serial_co_window_serial,
          co_window_corner_a, co_window_corner_a, co_window_paths_b,
          co_window_of_opportunity_a, co_window_of_opportunity_a,
          co_window_broadway_c, co_window_unsneaky_path_b,
          co_window_of_opportunity_b, co_window_of_opportunity_b,
          co_window_cross_3, co_window_of_opportunity_b, glass_columns_c,
          glass_columns_a, serial_shops, shop
D:7:      layout_loops_ring, enter_bailey_5, kb_rosetta
Temple:   eino_temple_scatter_basement

Skill      XL: |  1  2  3  4  5  6  7  8 |
---------------+-------------------------+-----
Maces & Flails | 3 4 5 6 8 |  8.9
Fighting       | 3 4 |  4.9
Dodging        | 3 4 |  4.5
Stealth        | 2 |  2.6
Polearms       | |  0.2
Throwing       | |  0.3

Action                   |  1- 3 |  4- 6 |  7- 9 || total
-------------------------+-------+-------+-------++-------
Melee: Mace              |   109 |    96 |       ||   205
       Punch             |     1 |     1 |       ||     2
       Flail             |       |    38 |       ||    38
       Giant club        |       |    40 |    29 ||    69
       Giant spiked club |       |       |    81 ||    81
       Trident           |       |       |    21 ||    21
Throw: Stone             |       |     5 |       ||     5
       Boomerang         |       |     3 |       ||     3
Invok: Ancestor Life: Ba |       |       |     1 ||     1
  Use: Scroll            |       |       |    10 ||    10
 Stab: Sleeping          |     3 |     1 |     3 ||     7
       Distracted        |       |       |     4 ||     4
Armor: Robe              |    51 |    70 |    61 ||   182
Dodge: Dodged            |    69 |   114 |    91 ||   274
